 Dungeon Crawl Stone Soup version 0.28-a0-863-g8cecda6153 (webtiles) character file.

Game seed: 5459710918569324619

57 vineage the Skirmisher (level 3, -1/30 HPs)
             Began as a Demonspawn Gladiator on Nov 18, 2021.
             Slain by Grinder (3 damage)
             ... on level 3 of the Dungeon.
             The game lasted 00:01:57 (2428 turns).

vineage the Skirmisher (Demonspawn Gladiator)       Turns: 2428, Time: 00:01:57

Health: -1/30      AC:  6    Str: 15    XL:     3   Next: 73%
Magic:  3/3        EV: 12    Int: 15    God:
Gold:   82         SH:  0    Dex: 14    Spells: 2/2 levels left

rFire   . . .      SeeInvis .   a - +0 long sword
rCold   . . .      Faith    .   (no shield)
rNeg    . . .      Spirit   .   b - +0 leather armour
rPois   .          Reflect  .   c - +0 helmet
rElec   .          Harm     .   (no cloak)
rCorr   .          Rampage  .   (no gloves)
Will    .....                   (no boots)
Stlth   +.........              (no amulet)
HPRegen 0.10/turn               h - +6 ring of intelligence
MPRegen 0.08/turn               (no ring)

@: no status effects
A: slimy green scales 1, demonic guardian 1
a: no special abilities


You were on level 3 of the Dungeon.
You visited 1 branch of the dungeon, and saw 3 of its levels.

You collected 82 gold pieces.

Inventory:

Hand Weapons
 a - a +0 long sword (weapon)
Missiles
 d - 3 throwing nets (quivered)
Armour
 b - a +0 leather armour (worn)
 c - a +0 helmet (worn)
Jewellery
 h - a +6 ring of intelligence (left hand)
 i - an amulet of magic regeneration
Wands
 e - a wand of digging (9)
Scrolls
 g - a scroll of blinking {unknown}
 j - a scroll of identify
 k - a scroll of enchant armour {unknown}


   Skills:
 * Level 4.1 Fighting
 - Level 2.6 Long Blades
 - Level 1.7 Throwing
 - Level 2.6 Dodging


You had 2 spell levels left.
You didn't know any spells.
Your spell library was empty.

Dungeon Overview and Level Annotations

Branches:
Dungeon (3/15)

Altars:
Gozag

Annotations:
D:3 Grinder


Innate Abilities, Weirdness & Mutations

You are partially covered in slimy green scales. (AC +2)
A weak demonic guardian rushes to your aid.


Message History

Grinder is lightly wounded.
Grinder says, "Just stop there for a second..."
Grinder hits you.
You writhe in agony.
Grinder misses you.
You hit Grinder but do no damage.
Grinder is lightly wounded.
Grinder blinks!
Grinder gestures at you.
You suddenly lose the ability to move!
You can move again.
Grinder hits you!
You writhe in agony.
* * * LOW HITPOINT WARNING * * *
A demonic guardian appears!
You are too injured to fight recklessly!
You feel better. Grinder hits you!
* * * LOW HITPOINT WARNING * * *
You writhe in agony.
* * * LOW HITPOINT WARNING * * *
Your quasit bites Grinder but does no damage.
Your quasit claws Grinder but does no damage. x2
You hit Grinder.
Grinder is moderately wounded.
Your quasit barely misses Grinder.
Your quasit claws Grinder but does no damage. x2
Grinder blinks!
Your quasit barely misses Grinder.
Your quasit claws Grinder but does no damage.
Your quasit completely misses Grinder.
Something completely misses your quasit.
Your quasit bites Grinder but does no damage.
Your quasit claws Grinder but does no damage. x2
Your quasit bites Grinder.
Your quasit closely misses Grinder.
Your quasit claws Grinder.
Your quasit disappears in a puff of smoke!
Grinder gestures at you. Pain shoots through your body!
* * * LOW HITPOINT WARNING * * *
Grinder hits you.
* * * LOW HITPOINT WARNING * * *
You writhe in agony.
You die...

# #..######.#.#.. #.
#.............. #.
##.#######......
#.### #(....# ###.##.
#####...###..##.#
#....
.............##.#
##....
######...##.###.#
#..#.. ###...##.#
#.### #.....
##.....@5.# #...#
#.##.# .....>.[...#
###.###.##.#
###.......##
#......... ###...###
#.....##.. #...#
#.....##..
##.##########........
#. ...<......##.#..#
## ########..##..#.#
#........#


You could see Grinder.

Vanquished Creatures
  An adder (D:2)
  2 worms
  2 dart slugs
  6 ball pythons
  2 bats
  2 endoplasms (D:1)
  4 goblins
  5 hobgoblins
  3 quokkas
  2 frilled lizards
  2 kobolds
  3 rats (D:1)
34 creatures vanquished.

Notes
Turn   | Place    | Note
-------+----------+-------------------------------------------
     0 | D:1      | vineage the Demonspawn Gladiator began the quest for the
                  | Orb.
     0 | D:1      | Reached XP level 1. HP: 16/16 MP: 1/1
   407 | D:1      | Found a faded altar of an unknown god.
   436 | D:1      | Gained mutation: A weak demonic guardian rushes to your
                  | aid. [demonic ancestry]
   436 | D:1      | Reached XP level 2. HP: 17/23 MP: 2/2
   652 | D:1      | Reached skill level 3 in Fighting
  1220 | D:2      | Found an opulent altar of Gozag.
  1368 | D:2      | Gained mutation: You are partially covered in slimy green
                  | scales. (AC +2) [demonic ancestry]
  1368 | D:2      | Reached XP level 3. HP: 26/30 MP: 3/3
  2194 | D:3      | Reached skill level 4 in Fighting
  2401 | D:3      | Noticed Grinder
  2409 | D:3      | Paralysed by Grinder for 4 turns
  2428 | D:3      | Slain by Grinder

Illustrated notes

Levels and vault maps discovered:
D:1:      dpeg_arrival_snail, layout_basic, hellmonk_ecumenical_altar_lost_god
D:2:      layout_loops_corners, basic_altar
D:3:      layout_loops_ring, hangedman_abyss_or_decor_lesser_grid, uniq_grinder

Skill      XL: |  1  2  3 |
---------------+----------+-----
Fighting       | 3 4 |  4.1
Long Blades    | |  2.6
Throwing       | |  1.7
Dodging        | |  2.6

Action                   || total
-------------------------++-------
Melee: Long sword        ||    94
  Use: Scroll            ||     1
       Potion            ||     1
 Stab: Sleeping          ||     1
Armor: Leather armour    ||    31
Dodge: Dodged            ||    59

Table legend: (Time is in decaauts)
 A = Elapsed time spent in this place.
 B = Non-inter-level travel time spent in this place.
 C = Inter-level travel time spent in this place.
 D = Time resting spent in this place.
 E = Time spent auto-exploring this place.
 F = Levels seen in this place.
 G = Mean time per level.
                   A        B        C        D        E       F      G
               +--------+--------+--------+--------+--------+-----+--------+
         Total |   2452 |   2395 |     57 |      0 |   2117 |   3 |  817.3 |
       Dungeon |   2452 |   2395 |     57 |      0 |   2117 |   3 |  817.3 |
               +--------+--------+--------+--------+--------+-----+--------+

Top non-repeatable levels by time:
     D:2: 1109 daAuts
     D:1: 1090 daAuts
     D:3: 252 daAuts
